 Dungeon Crawl Stone Soup version 0.22-a0-136-g83a10e5 (webtiles) character file.

1151 sankara the Cudgeler (level 8, -1/61 HPs)
             Began as a Demonspawn Necromancer on Feb 3, 2018.
             Slain by Karim's ghost (8 damage)
             ... on level 6 of the Dungeon.
             The game lasted 00:37:08 (6036 turns).

sankara the Cudgeler (Demonspawn Necromancer)       Turns: 6036, Time: 00:37:08

Health: -1/61      AC:  2    Str: 12    XL:     8   Next: 15%
Magic:  0/11       EV: 18    Int: 17    God:    Xom [....*.]
Gold:   341        SH: 10    Dex: 21    Spells: 3/11 levels left

rFire    . . .     SeeInvis .   a - +1 hand axe (drain)
rCold    . . .     Gourm    .   y - +0 buckler
rNeg     . . .     Faith    .   g - +0 robe
rPois    .         Spirit   +   (helmet restricted)
rElec    .         Reflect  +   (no cloak)
rCorr    .         Harm     .   (no gloves)
MR       .....                  (no boots)
Stlth    +++.......             k - +4 amulet of reflection
HPRegen  0.20/turn              e - ring of wizardry
MPRegen  0.24/turn              (no ring)

@: agile, flying
A: hooves 1, horns 2, agile 1, blink, mutation resistance 1, strong 1, magic
shield, magic regeneration
a: Blink, Renounce Religion


You were on level 6 of the Dungeon.
You worshipped Xom.
You were a beloved toy of Xom.
You were not hungry.

You visited 1 branch of the dungeon, and saw 6 of its levels.

You collected 341 gold pieces.

Inventory:

Hand Weapons
 a - a +1 hand axe of draining (weapon)
 b - a +0 hunting sling
 c - a +0 whip
 D - a +0 blowgun
Missiles
 n - 110 stones (quivered)
 r - 42 sling bullets
 z - a throwing net
 C - 5 poisoned needles
Armour
 g - a +0 robe (worn)
 y - a +0 buckler (worn)
Magical Staves
 A - an uncursed staff of energy
Jewellery
 e - a ring of wizardry (left hand)
 k - a +4 amulet of reflection (around neck)
Wands
 w - a wand of polymorph (12)
 E - a wand of scattershot (5)
Scrolls
 d - 5 scrolls of identify
 f - 7 scrolls of remove curse
 i - 2 scrolls of fear
 j - a scroll of teleportation
 o - 3 scrolls of amnesia
 F - a scroll of enchant armour {unknown}
 H - a scroll of noise {unknown}
Potions
 s - a potion of agility
Books
 l - a book of Necromancy

   Spells                             Type                      Level
   a - Pain                           Necromancy                   1
   b - Animate Skeleton               Necromancy                   1
   c - Vampiric Draining              Necromancy                   3
   d - Regeneration                   Charms/Necromancy            3
   e - Animate Dead                   Necromancy                   4
 u - a book of Summonings

   Spells                             Type                      Level
   a - Recall                         Summoning/Translocation      3
   b - Aura of Abjuration             Summoning                    5
   c - Summon Demon                   Summoning                    5
   d - Summon Forest                  Summoning/Translocation      5
   e - Summon Mana Viper              Hexes/Summoning              5
   f - Shadow Creatures               Summoning                    6
Comestibles
 q - 8 rations


   Skills:
 + Level 4.5 Fighting
 + Level 5.5 Maces & Flails
 - Level 2.0 Dodging
 - Level 1.7 Stealth
 + Level 3.9 Shields
 - Level 2.2 Spellcasting
 + Level 1.9 Charms
 - Level 4.6 Necromancy


You had 3 spell levels left.
You knew the following spells:

 Your Spells              Type           Power        Failure   Level  Hunger
a - Pain                  Necr           ###.         1%          1    #......
b - Animate Skeleton      Necr           N/A          1%          1    #......
c - Vampiric Draining     Necr           ###.......   3%          3    ###....
d - Regeneration          Chrm/Necr      ##........   6%          3    ###....


Dungeon Overview and Level Annotations

Branches:
Dungeon (6/15)             Temple (0/1) D:4

Altars:
Ashenzari
Fedhas
Hepliaklqana
Qazlal
Ru
Xom
Zin

Annotations:
D:6 Karim's ghost, novice OgFE


Innate Abilities, Weirdness & Mutations

You have a pair of horns on your head.
When hurt, damage is shared between your health and your magic reserves.
You regenerate magic rapidly.
You have large cloven feet.
You are agile. (Dex +2)
You can translocate small distances at will.
You are somewhat resistant to further mutation.
Your muscles are strong. (Str +2)


Message History

You headbutt Karim's ghost.
Karim's ghost is heavily damaged.
You block Karim's ghost's attack.
You barely miss Karim's ghost. You headbutt Karim's ghost.
Karim's ghost is severely damaged.
Karim's ghost completely misses you.
You barely miss Karim's ghost. Your kick misses Karim's ghost.
Karim's ghost is severely damaged.
Karim's ghost closely misses you.
You hit Karim's ghost but do no damage. Your kick misses Karim's ghost.
You headbutt Karim's ghost.
Karim's ghost is severely damaged.
Karim's ghost hits you!
* * * LOW HITPOINT WARNING * * *
You hit Karim's ghost but do no damage.
You kick Karim's ghost, but do no damage.
Karim's ghost is severely damaged.
Karim's ghost hits you!
You die...
Xom cackles wildly!

#..,,+#,#.#.#.#.#.#.*,*,*,*,*,*,*
#....#.#.#.#.#.#.#.#.#.*,*,*,*,*,
#....'#.#.#.#.#.#.#.#.#.*,*,*,*+*
*....#<#.#.#.#.#.#.#.#.#,*,*,*,,,
#.....#.#.#.#.#.#.#.#.#,*,*,*',,,
####.#.#.#.#.#.#.#.#.#,*,*,*,*,,,
##.#.#.#.#'#'#'#.#,*,*,*,*,*,,
#.#.#.#.......W.#,*,*,*,*,*',,
#####.#####..)..@..#***********,,
....#.# #.[......# *,, ......###
#........# *,, ........#
#........# *,, ........#
#........# **** .....^..#
#........# *,,, ....#...#
#........#************* ....#...#
#........#,,,,,,,,,* * ....#...#
*,,,,,,,,*,,,,,,,,,* *


You could see Karim's ghost.

Vanquished Creatures
  Sigmund (D:4)
  Menkaure (D:5)
  An ogre (D:4)
  A centaur (D:5)
  A crimson imp (D:5)
  6 hounds
  2 orc wizards (D:3)
  Ijyb (D:3)
  An iguana (D:4)
  2 worker ants
  3 adders
  2 oozes
  3 adder skeletons (D:3)
  2 worms (D:3)
  4 dart slugs
  2 leopard geckos (D:2)
  6 orcs
  3 ball pythons
  4 giant cockroaches
  4 goblins
  8 hobgoblins
  3 jackals (D:5)
  10 kobolds
  4 quokkas
  5 bats
  7 frilled lizards
  A leopard gecko skeleton (D:3)
  8 rats
96 creatures vanquished.

Vanquished Creatures (collateral kills)
  The ghost of Raptoricus the Firebug, an amateur DrFE of Vehumet (D:4)
  A phantom (D:4)
  A scorpion (D:4)
  A hound (D:5)
  A gnoll shaman (D:4)
  3 gnolls (D:4)
  2 worms
  A quokka (D:4)
  A kobold (D:3)
12 creatures vanquished.

Vanquished Creatures (others)
  A kobold (D:3)
  A leopard gecko skeleton (D:6)
2 creatures vanquished.

Grand Total: 110 creatures vanquished

Notes
Turn   | Place    | Note
-------+----------+-------------------------------------------
     0 | D:1      | sankara the Demonspawn Necromancer began the quest for the Orb.
     0 | D:1      | Reached XP level 1. HP: 13/13 MP: 3/3
   322 | D:1      | Gained mutation: You have a pair of small horns on your head. [demonic ancestry]
   322 | D:1      | Reached XP level 2. HP: 19/19 MP: 3/5
   483 | D:1      | Reached skill level 1 in Maces & Flails
   546 | D:1      | Learned a level 1 spell: Animate Skeleton
  1071 | D:2      | Found a glowing silver altar of Zin.
  1235 | D:2      | Gained mutation: You have a pair of horns on your head. [demonic ancestry]
  1235 | D:2      | Reached XP level 3. HP: 15/24 MP: 4/6
  1403 | D:2      | Reached skill level 2 in Maces & Flails
  1548 | D:2      | Found a blossoming altar of Fedhas.
  1763 | D:3      | Found a shimmering altar of Xom.
  2233 | D:3      | Reached XP level 4. HP: 26/30 MP: 7/7
  2326 | D:3      | Reached skill level 3 in Maces & Flails
  2719 | D:2      | Learned a level 3 spell: Vampiric Draining
  2770 | D:3      | Noticed Ijyb
  2801 | D:3      | Killed Ijyb
  2902 | D:3      | Gained mutation: When hurt, damage is shared between your health and your magic reserves. [demonic ancestry]
  2902 | D:3      | Reached XP level 5. HP: 36/36 MP: 6/8
  3114 | D:3      | Learned a level 3 spell: Regeneration
  3129 | D:3      | Found a sacrificial altar of Ru.
  3148 | D:3      | Reached skill level 1 in Fighting
  3163 | D:3      | Became a worshipper of Ru the Awakened
  3489 | D:3      | Fell from the grace of Ru
  3489 | D:3      | Became a worshipper of Xom of Chaos
  3559 | D:4      | Reached skill level 1 in Shields
  3588 | D:4      | Reached skill level 4 in Maces & Flails
  3684 | D:4      | Noticed an ogre
  3689 | D:4      | XOM: butterfly on damage
  3692 | D:4      | Killed an ogre
  3692 | D:4      | Reached XP level 6. HP: 15/44 MP: 0/9
  3786 | D:4      | XOM: silly message
  3955 | D:4      | XOM: divination: detect creatures
  4066 | D:4      | XOM is BORED!
  4066 | D:4      | XOM: noise
  4071 | D:4      | XOM: torment (17/46 hp)
  4085 | D:4      | XOM: cast spell 'Cause Fear'
  4092 | D:4      | XOM: cast spell 'Summon Dragon'
  4103 | D:4      | XOM: god gift: 41 gold pieces
  4112 | D:4      | XOM: confusion
  4135 | D:4      | XOM: 4-stop teleportation journey
  4219 | D:4      | XOM: scenery: create altars
  4335 | D:4      | Found a staircase to the Ecumenical Temple.
  4454 | D:4      | Noticed Sigmund
  4478 | D:4      | Killed Sigmund
  4478 | D:4      | Gained mutation: You regenerate magic rapidly. [demonic ancestry]
  4478 | D:4      | Reached XP level 7. HP: 11/52 MP: 1/10
  4635 | D:4      | Noticed Raptoricus's ghost (amateur DrFE)
  4656 | D:4      | XOM: cast spell 'Summon Hydra'
  4658 | D:4      | Killed Raptoricus's ghost
  4658 | D:4      | Reached skill level 5 in Maces & Flails
  4865 | D:5      | Entered Level 5 of the Dungeon
  4925 | D:5      | Found a hazy altar of Hepliaklqana.
  4957 | D:5      | Reached skill level 1 in Charms
  5194 | D:5      | Noticed Menkaure
  5207 | D:5      | Gained mutation: You have large cloven feet. [potion of mutation]
  5207 | D:5      | Gained mutation: Your spells are a little easier to cast, but a little less powerful. [potion of mutation]
  5207 | D:5      | Lost mutation: Your spells are a little easier to cast, but a little less powerful. [potion of mutation]
  5207 | D:5      | Gained mutation: You are agile. (Dex +2) [potion of mutation]
  5209 | D:5      | Killed Menkaure
  5209 | D:5      | Reached XP level 8. HP: 18/61 MP: 4/11
  5337 | D:5      | XOM: mild Pois miscast
  5499 | D:5      | XOM: scenery: create altars
  5551 | D:5      | XOM: give mutations
  5551 | D:5      | Gained mutation: You are somewhat resistant to further mutation. [Xom's grace]
  5551 | D:5      | Gained mutation: You can translocate small distances at will. [Xom's grace]
  5551 | D:5      | Gained mutation: Your muscles are strong. (Str +2) [Xom's grace]
  5578 | D:6      | Found a shattered altar of Ashenzari.
  5611 | D:6      | XOM: scenery: create altars
  5779 | D:6      | Found a stormy altar of Qazlal.
  5880 | D:6      | Noticed Karim's ghost (novice OgFE)
  5884 | D:6      | XOM: polymorph jelly -> hound
  5980 | D:6      | XOM: polymorph orc priest -> worker ant
  5982 | D:6      | XOM: cast spell 'Shadow Creatures'
  6002 | D:6      | XOM: confuse monster(s)
  6017 | D:6      | XOM: scenery: 4 doors open, 1 doors close
  6036 | D:6      | Slain by Karim's ghost

Vault maps used:
D:1:      lightli_molten_gateway
D:2:      overflow_temple_1_default, lemuel_crystal_altar
D:3:      xom_teletrap_fun, serial_undead, serial_undead_f, serial_undead_f,
          serial_undead_a, serial_undead_b, serial_undead_d, serial_undead_b,
          serial_undead_e, minmay_misc_feat_ornament,
          nicolae_ru_great_annihilating_truth, uniq_ijyb
D:4:      minmay_temple_entry_water_ring, first_ration, uniq_sigmund
D:5:      overflow_temple_1_default, uniq_menkaure
D:6:      nemelex_xobeh_ov_fountains_minmay, old_standard_altar,
          kennysheep_mini_moat, grunt_qazlal_clouds,
          lemuel_coloured_pillars_altar

Skill      XL: |  1  2  3  4  5  6  7 |
---------------+----------------------+-----
Maces & Flails | 1 2 3 4 5 |  5.5
Dodging        | 2 |  2.0
Fighting       | 2 3 4 |  4.5
Shields        | 1 2 3 |  3.9
Charms         | 1 |  1.9
Stealth        | |  1.7
Spellcasting   | |  2.2
Necromancy     | |  4.6

Action                   |  1- 3 |  4- 6 |  7- 9 || total
-------------------------+-------+-------+-------++-------
Melee: Dagger            |    11 |       |       ||    11
       Short sword       |     3 |       |       ||     3
       Whip              |    91 |    64 |       ||   155
       Headbutt          |    14 |    12 |    18 ||    44
       Hand axe          |       |    32 |   105 ||   137
       Unarmed           |       |     6 |       ||     6
       Kick              |       |       |     5 ||     5
 Fire: Hunting sling     |       |    27 |       ||    27
 Cast: Pain              |    34 |    30 |    11 ||    75
       Animate Skeleton  |     8 |    11 |     7 ||    26
       Regeneration      |       |     4 |    13 ||    17
Evoke: Staff of energy   |       |     4 |       ||     4
  Use: Scroll            |       |     2 |     6 ||     8
       Potion            |       |     4 |     5 ||     9
 Stab: Sleeping          |     2 |       |     2 ||     4
       Distracted        |     1 |       |       ||     1
       Paralysed         |       |     2 |       ||     2
  Eat: Chunk             |     5 |     8 |     4 ||    17
       Ration            |       |       |     1 ||     1
Armor: Robe              |    33 |    12 |     6 ||    51
       Skin              |       |       |     9 ||     9
Dodge: Dodged            |    59 |    57 |    48 ||   164
Block: Other             |    21 |     2 |       ||    23
       Reflection        |       |     5 |       ||     5
       Buckler           |       |    43 |    40 ||    83

Table legend:
 A = Spawn XP
 B = Non-spawn XP
 C = Spawn XP percentage of total XP
 D = Spawn monster count
 E = Non-spawn monster count
 F = Spawn count percentage of total count
 G = Total turns spent on level
                    A         B        C        D         E        F      G
               +---------+---------+-------+---------+---------+-------+---------
         Total |       0 |    1645 |   0.0 |       0 |     108 |   0.0 |  6036
               +---------+---------+-------+---------+---------+-------+---------
           D:1 |       0 |      31 |   0.0 |       0 |      20 |   0.0 |   966
           D:2 |       0 |      42 |   0.0 |       0 |      16 |   0.0 |  1340
           D:3 |       0 |     185 |   0.0 |       0 |      31 |   0.0 |  1213
           D:4 |       0 |     809 |   0.0 |       0 |      22 |   0.0 |  1346
           D:5 |       0 |     494 |   0.0 |       0 |      14 |   0.0 |   778
           D:6 |       0 |      84 |   0.0 |       0 |       5 |   0.0 |   393
               +---------+---------+-------+---------+---------+-------+---------
